 Dungeon Crawl Stone Soup version 0.23.2-33-g5129a83184 (webtiles) character file.

Game seed: 7054919954604817383

101 troglodite the Vexing (level 4, 0/34 HPs)
             Began as a Gnoll Arcane Marksman on July 25, 2019.
             Slain by an adder (4 damage)
             ... on level 1 of the Dungeon.
             The game lasted 00:07:08 (1486 turns).

troglodite the Vexing (Gnoll Arcane Marksman)       Turns: 1486, Time: 00:07:09

Health: 0/34       AC:  7    Str: 12    XL:     4   Next: 75%
Magic:  8/8        EV: 13    Int: 15    God:
Gold:   43         SH:  0    Dex: 17    Spells: 3/9 levels left

rFire    + . .     SeeInvis .   a - +0 hand crossbow
rCold    x . .     Gourm    .   (no shield)
rNeg     . . .     Faith    .   n - +0 ring mail
rPois    .         Spirit   .   m - +2 hat
rElec    .         Reflect  .   (no cloak)
rCorr    .         Harm     .   (no gloves)
MR       .....                  (no boots)
Stlth    +.........             (no amulet)
HPRegen  0.11/turn              k - ring of fire
MPRegen  0.11/turn              (no ring)

@: lethally poisoned (0 -> -5)
A: distributed training, fangs 1, strong nose
a: no special abilities


You were on level 1 of the Dungeon.
You were near starving.

You visited 1 branch of the dungeon, and saw 2 of its levels.

You collected 43 gold pieces.

Inventory:

Hand Weapons
 a - a +0 hand crossbow (weapon)
Armour
 m - a +2 hat (worn)
 n - a +0 ring mail (worn)
Jewellery
 k - a ring of fire (left hand)
Wands
 p - a wand of polymorph (11)
Scrolls
 g - 3 scrolls of fear {unknown}
 h - 2 scrolls of teleportation {unknown}
 i - a scroll of enchant armour {unknown}
 l - a scroll of random uselessness {unknown}
 q - a scroll of enchant weapon {unknown}
Potions
 c - a potion of agility {unknown}
 e - a potion of lignification {unknown}
 j - a potion of degeneration {unknown}
 o - a potion of resistance {unknown}
Comestibles
 f - 4 rations


   Skills:
 + Level 2.8 Fighting
 + Level 1.2 Short Blades
 + Level 1.2 Long Blades
 + Level 1.2 Axes
 + Level 1.2 Maces & Flails
 + Level 1.2 Polearms
 + Level 1.2 Staves
 + Level 1.2 Slings
 + Level 1.2 Bows
 + Level 4.7 Crossbows
 + Level 1.2 Throwing
 + Level 1.2 Armour
 + Level 4.7 Dodging
 + Level 1.2 Stealth
 + Level 1.2 Shields
 + Level 1.2 Unarmed Combat
 + Level 3.0 Spellcasting
 + Level 1.0 Conjurations
 + Level 5.5 Hexes
 + Level 1.0 Charms
 + Level 1.0 Summonings
 + Level 1.0 Necromancy
 + Level 1.0 Translocations
 + Level 1.0 Transmutations
 + Level 1.0 Fire Magic
 + Level 1.0 Ice Magic
 + Level 1.0 Air Magic
 + Level 1.0 Earth Magic
 + Level 1.0 Poison Magic
 + Level 1.3 Invocations
 + Level 1.2 Evocations


You had 3 spell levels left.
You knew the following spells:

 Your Spells              Type           Power        Failure   Level  Hunger
a - Corona                Hex            ###....      4%          1    #......
b - Slow                  Hex            ###.....     7%          2    ##.....
c - Inner Flame           Hex/Fire       ###.....     34%         3    ###....

Your spell library contained the following spells:

 Spells                   Type           Power        Failure   Level  Hunger
 Portal Projectile        Hex/Tloc       ##....       34%         3    ###....
 Cause Fear               Hex            ###.......   43%         4    #####..
 Leda's Liquefaction      Hex/Erth       ##........   75%         4    #####..


Dungeon Overview and Level Annotations

Branches:
Dungeon (2/15)

Altars:


Innate Abilities, Weirdness & Mutations

Your experience applies equally to all skills.
You have very sharp teeth.
Your uncanny sense of smell can sniff out nearby items.


Message History

You are poisoned.
The adder poisons you!
You clumsily bash the adder but do no damage.
The adder is lightly wounded.
You feel sick. The adder barely misses you. x2
You barely miss the adder.
You feel sick. The adder barely misses you. The adder closely misses you.
You closely miss the adder. Your bite misses the adder.
The adder closely misses you. The adder bites you.
* * * LOW HITPOINT WARNING * * *
You are lethally poisoned!
The adder poisons you!
You miss the adder.
* * * LOW HITPOINT WARNING * * *
You feel sick.
The adder bites you but does no damage. x2
You clumsily bash the adder but do no damage.
You bite the adder, but do no damage.
* * * LOW HITPOINT WARNING * * *
You feel sick. The adder bites you.
You die...

.....##########.#......#
.....#....).....#....#######
.....#..........#.#........#
....##............#####.####
..#.############### #.#
#.#.# #.# ..#.# #.#
#.#.###################.#
..#.............@.......#
#.######.#####.##S#######
..# #.# #.##.# >.# #.#
#....# ..# #.# ######
#.######.# .......#.#
.......#.# <......#.#


You could see an adder.

Vanquished Creatures
  4 gnolls (D:2)
  3 adders (D:2)
  2 worms (D:2)
  2 dart slugs
  A leopard gecko (D:1)
  3 giant cockroaches (D:1)
  3 goblins
  A quokka (D:2)
  2 bats
  3 frilled lizards
  4 kobolds
  5 rats
33 creatures vanquished.

Notes
Turn   | Place    | Note
-------+----------+-------------------------------------------
     0 | D:1      | troglodite the Gnoll Arcane Marksman began the quest for
                  | the Orb.
     0 | D:1      | Reached XP level 1. HP: 17/17 MP: 4/4
   255 | D:1      | Reached XP level 2. HP: 22/23 MP: 5/5
   856 | D:2      | Reached XP level 3. HP: 23/28 MP: 7/7
   879 | D:2      | Learned a level 2 spell: Slow
   883 | D:2      | Learned a level 3 spell: Inner Flame
  1188 | D:2      | Reached skill level 1 in Invocations
  1302 | D:2      | Reached skill level 1 in Short Blades
  1302 | D:2      | Reached skill level 1 in Long Blades
  1302 | D:2      | Reached skill level 1 in Axes
  1302 | D:2      | Reached skill level 1 in Maces & Flails
  1302 | D:2      | Reached skill level 1 in Polearms
  1302 | D:2      | Reached skill level 1 in Staves
  1302 | D:2      | Reached skill level 1 in Slings
  1302 | D:2      | Reached skill level 1 in Bows
  1302 | D:2      | Reached skill level 1 in Throwing
  1302 | D:2      | Reached skill level 1 in Armour
  1302 | D:2      | Reached skill level 1 in Stealth
  1302 | D:2      | Reached skill level 1 in Shields
  1302 | D:2      | Reached skill level 1 in Unarmed Combat
  1302 | D:2      | Reached skill level 1 in Evocations
  1341 | D:2      | Reached XP level 4. HP: 34/34 MP: 8/8
  1354 | D:2      | Reached skill level 1 in Conjurations
  1354 | D:2      | Reached skill level 1 in Charms
  1354 | D:2      | Reached skill level 1 in Summonings
  1354 | D:2      | Reached skill level 1 in Necromancy
  1354 | D:2      | Reached skill level 1 in Translocations
  1354 | D:2      | Reached skill level 1 in Transmutations
  1354 | D:2      | Reached skill level 1 in Fire Magic
  1354 | D:2      | Reached skill level 1 in Ice Magic
  1354 | D:2      | Reached skill level 1 in Air Magic
  1354 | D:2      | Reached skill level 1 in Earth Magic
  1354 | D:2      | Reached skill level 1 in Poison Magic
  1486 | D:1      | Slain by an adder

Skill      XL: |  1  2  3  4 |
---------------+-------------+-----
Invocations    | 1 |  1.3
Short Blades   | 1 |  1.2
Long Blades    | 1 |  1.2
Axes           | 1 |  1.2
Maces & Flails | 1 |  1.2
Polearms       | 1 |  1.2
Staves         | 1 |  1.2
Slings         | 1 |  1.2
Bows           | 1 |  1.2
Throwing       | 1 |  1.2
Armour         | 1 |  1.2
Stealth        | 1 |  1.2
Shields        | 1 |  1.2
Unarmed Combat | 1 |  1.2
Evocations     | 1 |  1.2
Spellcasting   | 3 |  3.0
Conjurations   | 1 |  1.0
Charms         | 1 |  1.0
Summonings     | 1 |  1.0
Necromancy     | 1 |  1.0
Translocations | 1 |  1.0
Transmutations | 1 |  1.0
Fire Magic     | 1 |  1.0
Ice Magic      | 1 |  1.0
Air Magic      | 1 |  1.0
Earth Magic    | 1 |  1.0
Poison Magic   | 1 |  1.0
Fighting       | |  2.8
Crossbows      | |  4.7
Dodging        | |  4.7
Hexes          | |  5.5

Action                   |  1- 3 |  4- 6 || total
-------------------------+-------+-------++-------
Melee: Hand crossbow     |       |    37 ||    37
       Bite              |       |     5 ||     5
 Fire: Hand crossbow     |    73 |     6 ||    79
Throw: Stone             |       |    18 ||    18
 Cast: Inner Flame       |     2 |     2 ||     4
       Slow              |     1 |     4 ||     5
  Eat: Chunk             |     1 |       ||     1
Armor: Ring mail         |     6 |    36 ||    42
       Robe              |     2 |       ||     2
Dodge: Dodged            |    25 |    56 ||    81
